General information
			
			
        
        - name: 1v1 OBS TM #10
 
        - type: Custom game
 
        - host: ActionJackson3
 
        - saver: kunt.roII
 
        
map: TwistedMeadows 
        - players: 9
 
        - length: 19:25
 
        - speed: Fast
 - version: 1.22 W3XP
 - replay type:  Public
 
» download(88 KB)
Players
        team 1 (winner) 
              
              
kunt.roII (
pink | 172 APM | 3345 actions | 19:25)
              
 3 Death Knight 
 2 Death Coil
 1 Unholy Aura
 4 Lich 
 2 Frost Nova
 2 Dark Ritual
 2 Naga Sea Witch 
 1 Frost Arrows
 1 Forked Lightning
 
                » actions 
                
                | Assign group hotkey | 58 |  | 
| Basic commands | 30 |  | 
| Build / train | 72 |  | 
| ESC pressed | 3 |  | 
| Enter build submenu | 15 |  | 
| Enter hero's abilities submenu | 10 |  | 
| Give item / drop item | 1 |  | 
| Right click | 1469 |  | 
| Select / deselect | 427 |  | 
| Select group hotkey | 1140 |  | 
| Use ability | 120 |  | 
                3345 total
 » units 
                
                | Acolyte | 5 |  | 
| Ghoul | 15 |  | 
| Gargoyle | 9 |  | 
| Obsidian Statue | 2 |  | 
| Meatwagon | 4 |  | 
| Abomination | 2 |  | 
                37 total
 » upgrades
                
                | Creature Attack | 1 |  | 
| Ghoul Frenzy | 1 |  | 
                2 total
 » buildings
                
                | Crypt | 2 |  | 
| Altar of Darkness | 1 |  | 
| Ziggurat | 4 |  | 
| Tomb of Relics | 1 |  | 
| Halls of the Dead | 3 |  | 
| Graveyard | 1 |  | 
| Slaughterhouse | 1 |  | 
| Black Citadel | 3 |  | 
                16 total
 » build order
                00:09 Crypt
00:13 Altar of Darkness
00:27 Ziggurat
01:09 Tomb of Relics
01:38 Ziggurat
03:02 Halls of the Dead
03:02 Halls of the Dead
03:52 Graveyard
04:43 Crypt
04:49 Ziggurat
09:48 Slaughterhouse
10:02 Black Citadel
10:02 Black Citadel
11:01 Ziggurat
» items
                
                | Rod of Necromancy | 3 |  | 
| Dust of Appearance | 3 |  | 
| Potion of Mana | 2 |  | 
| Scroll of Healing | 1 |  | 
                9 total
  
               team 2 (loser) 
              
              
TIMG4STRok (
gray | 149 APM | 2890 actions | 19:24)
              
 4 Warden 
 2 Shadow Strike
 2 Blink
 3 Pandaren Brewmaster 
 2 Breath of Fire
 1 Drunken Haze
 
                » actions 
                
                | Assign group hotkey | 29 |  | 
| Basic commands | 70 |  | 
| Build / train | 85 |  | 
| ESC pressed | 3 |  | 
| Enter build submenu | 22 |  | 
| Enter hero's abilities submenu | 7 |  | 
| Give item / drop item | 2 |  | 
| Right click | 1508 |  | 
| Select / deselect | 334 |  | 
| Select group hotkey | 722 |  | 
| Use ability | 108 |  | 
                2890 total
 » units 
                » upgrades
                
                | Improved Bows | 1 |  | 
| Abolish Magic | 1 |  | 
| Strength of the Wild | 1 |  | 
                3 total
 » buildings
                
                | Altar of Elders | 1 |  | 
| Moon Well | 4 |  | 
| Ancient of War | 2 |  | 
| Ancient of Wonders | 1 |  | 
| Tree of Ages | 1 |  | 
| Hunter's Hall | 1 |  | 
| Ancient of Lore | 3 |  | 
| Ancient Protector | 5 |  | 
| Ancient of Wind | 1 |  | 
| Tree of Eternity | 1 |  | 
| Tree of Life | 1 |  | 
                21 total
 » build order
                00:05 Altar of Elders
00:19 Moon Well
01:06 Ancient of War
01:45 Moon Well
03:18 Ancient of War
03:20 Ancient of Wonders
03:55 Tree of Ages
04:13 Moon Well
05:11 Hunter's Hall
06:20 Ancient of Lore
06:21 Ancient of Lore
07:57 Ancient Protector
08:22 Ancient Protector
09:43 Ancient Protector
10:06 Ancient of Wind
12:38 Tree of Eternity
13:27 Moon Well
14:00 Ancient Protector
14:13 Ancient Protector
14:39 Tree of Life
17:31 Ancient of Lore
» items
                
                | Potion of Healing | 3 |  | 
| Lesser Clarity Potion | 3 |  | 
| Staff of Preservation | 1 |  | 
| Moonstone | 2 |  | 
| Boots of Speed | 1 |  | 
| Orb of Venom | 1 |  | 
                11 total
  
               observersActionJackson3, 
SICKSTYLE, 
aRudeAwakening, 
KileRatZ, 
Re-achAround, 
cneto, 
whoi2008 Chat log
          (00:12 / All) TIMG4STRok: gg l
(00:13 / All) TIMG4STRok: gl
(00:14 / All) TIMG4STRok: gg gl
(00:15 / All) kunt.roII: gl n HF
(00:16 / All) TIMG4STRok: ***
(02:24 / All) kunt.roII: LoL
(04:00 / All) kunt.roII: : /
(04:02 / All) kunt.roII: wut happen to my rallies
(04:37 / All) kunt.roII: REAAAGHHHHHHUGH
(04:57 / All) kunt.roII: LOL
(19:24 / All) TIMG4STRok: play a real race faggot